 Dungeon Crawl Stone Soup version 0.19.0 (webtiles) character file.

18183 CanadianGator the Slicer (level 12, -2/75 HPs)
             Began as a Kobold Berserker on Nov 21, 2016.
             Was a High Priest of Trog.
             Slain by a slime creature (14 damage)
             ... summoned by a boggart
             ... on level 13 of the Dungeon.
             The game lasted 00:47:53 (10947 turns).

CanadianGator the Slicer (Kobold Berserker)        Turns: 10947, Time: 00:47:54

Health: -2/75      AC: 10    Str: 15    XL:     12   Next: 91%
Magic:  15/15      EV: 35    Int:  8    God:    Trog [*****.]
Gold:   756        SH:  0    Dex: 24    Spells: 0 memorised, 11 levels left

rFire  . . .     SeeInvis .     d - +6 quick blade (venom)
rCold  . . .     Gourm    .     O - +2 leather armour {rPois}
rNeg   . . .     Faith    .     (shield restricted)
rPois  +         Spirit   .     B - +0 helmet
rElec  .         Reflect  .     C - +0 cloak
rCorr  .         Harm     .     g - +1 pair of gloves
MR     .....                    (no boots)
Stlth  ++++......               (no amulet)
                                s - ring of poison resistance
                                k - +4 ring of evasion

@: confused, agile, exhausted, slowed, very slow
A: camouflage 1, carnivore 3, regeneration 1
a: Berserk, Trog's Hand, Brothers in Arms, Burn Spellbooks, Renounce Religion


You were on level 13 of the Dungeon.
You worshipped Trog.
Trog was extremely pleased with you.
You were very full.

You visited 1 branch of the dungeon, and saw 13 of its levels.

You collected 756 gold pieces.

Inventory:

Hand Weapons
 b - a +3 triple crossbow of flaming
 d - a +6 quick blade of venom (weapon)
 p - a +0 dagger of electrocution
 G - a +1 dagger of protection
 L - a +2 vampiric dagger
 P - a +3 short sword
 S - a +1 dagger of freezing
Missiles
 n - 106 bolts
Armour
 g - a +1 pair of gloves (worn)
 j - a +0 buckler
 r - a +2 robe of cold resistance
 B - a +0 helmet (worn)
 C - a +0 cloak (worn)
 J - a +0 scale mail
 O - a +2 leather armour of poison resistance (worn)
Jewellery
 h - an uncursed ring of resist corrosion
 i - an uncursed ring of ice {unknown}
 k - a +4 ring of evasion (left hand)
 s - a ring of poison resistance (right hand)
 D - an uncursed ring of protection from fire
 N - an uncursed ring of flight
Wands
 a - a wand of flame (12/48)
 f - a wand of lightning (4/15)
 w - a wand of lightning (8/15)
 H - a wand of polymorph (14/24)
Scrolls
 e - 3 scrolls of teleportation
 q - 2 scrolls of remove curse
 t - a scroll of magic mapping
 y - a scroll of enchant weapon
 z - a scroll of recharging
 A - 2 scrolls of fog
 M - a scroll of holy word {unknown}
Potions
 l - a potion of flight
 o - a potion of agility
 u - a potion of haste
 Q - a potion of brilliance {unknown}
Comestibles
 c - 8 meat rations
 m - a slice of pizza
 F - 8 beef jerkies
 K - 10 royal jellies
 R - 3 chunks of flesh


   Skills:
 + Level 8.6 Fighting
 * Level 12.8 Short Blades
 * Level 6.1 Crossbows
 + Level 5.8 Armour
 * Level 11.7 Dodging
 + Level 9.3 Stealth
 + Level 5.6 Shields
 + Level 4.6 Evocations


You had 11 spell levels left.
You didn't know any spells.

Dungeon Overview and Level Annotations

Branches:
Dungeon (13/15)            Temple (0/1) D:6            Lair (0/6) D:11
    Orc (0/2) D:9
 Vaults: D:13-14

Altars:
Dithmenos
Elyvilon
Fedhas
Kikubaaqudgha
Makhleb
Nemelex Xobeh
Qazlal
Sif Muna
The Shining One
Beogh


Innate Abilities, Weirdness & Mutations

You are small and have problems with some larger weapons.
You are carnivorous and can eat meat at any time.
Your skin changes colour to match your surroundings (Stealth+).
Your natural rate of healing is unusually fast.


Message History

The golden eye blinks at you.
You are confused.
The white very ugly thing barely misses you.
Something barely misses you.
The centaur warrior hits you from afar with an encrusted halberd {flame}!!
* * * LOW HITPOINT WARNING * * *
The centaur warrior burns you.
* * * LOW HITPOINT WARNING * * *
The golden eye blinks at you.
You are more confused.
You are more confused.
You feel invigorated. The harpy completely misses you. x2
The centaur warrior completely misses you.
Something completely misses you.
The white very ugly thing completely misses you.
The golden eye blinks at you.
You are more confused.
Something misses you. The centaur warrior closely misses you.
The slime creature hits you!
You die...

####.........#
.............#
####.........####
#.[..........##
#..<.<....##.J#
#.........J.#.#
#.....#####.#.#
#.....#.GH#8uJ##
#.....#}aWCc.@J#
#.....#.cW#8H#{#
####..### #.J#J#
#.........#.#
#######.#.# #.#.#
#.#.# #.#.# #..


You could see a white very ugly thing, a sphinx, 6 slime creatures, a hill
giant, 2 centaur warriors, a freezing wraith, a harpy, a hungry ghost, a soldier
ant and a golden eye.

Vanquished Creatures
  Rupert (D:12)
  2 hill giants (D:11)
  A cyclops (D:11)
  2 gargoyles
  The ghost of Softman25 the Basher, an amateur OgBe of Trog (D:4)
  2 trolls
  3 hornets (D:9)
  A two-headed ogre (D:8)
  5 hippogriffs
  Sigmund (D:2)
  Eustachio (D:5)
  23 yaks
  A basilisk (D:13)
  2 hungry ghosts (D:12)
  4 vampire mosquitoes (D:10)
  A soldier ant (D:9)
  3 porcupines (D:11)
  4 sky beasts
  5 black bears
  7 orc warriors
  3 ice beasts
  2 phantoms
  A necrophage (D:7)
  5 centaurs
  7 ogres
  A crocodile (D:9)
  2 big kobolds
  A gnoll sergeant (D:8)
  8 bullfrogs
  12 killer bees
  4 scorpions
  4 wights (D:11)
  2 howler monkeys (D:7)
  2 crimson imps
  A centaur zombie (D:8)
  2 bullfrog zombies
  5 jellies
  9 orc priests
  Crazy Yiuf (D:5)
  4 hounds
  A bullfrog skeleton (D:11)
  4 centaur skeletons
  Terence (D:2)
  4 iguanas
  10 orc wizards
  6 worker ants
  A hell rat (D:11)
  A hound zombie (D:11)
  A worker ant zombie (D:8)
  A howler monkey skeleton (D:9)
  11 gnolls
  11 adders
  3 river rats (D:11)
  2 shadow imps
  An ooze (D:4)
  An adder skeleton (D:8)
  An adder zombie (D:5)
  2 worms
  A dart slug (D:3)
  8 leopard geckos
  63 orcs
  A ball python (D:4)
  8 giant cockroaches
  15 goblins
  7 hobgoblins
  9 jackals (D:11)
  17 kobolds
  7 quokkas
  9 bats
  3 frilled lizards
  2 leopard gecko skeletons
  A quokka zombie (D:3)
  7 rats
366 creatures vanquished.

Notes
Turn   | Place    | Note
-------+----------+-------------------------------------------
     0 | D:1      | CanadianGator the Kobold Berserker began the quest for the Orb.
     0 | D:1      | Reached XP level 1. HP: 14/14 MP: 1/1
    88 | D:1      | Reached XP level 2. HP: 14/19 MP: 2/2
   332 | D:1      | Reached XP level 3. HP: 21/23 MP: 3/3
   404 | D:1      | Reached ** piety under Trog
   648 | D:1      | Reached skill level 1 in Stealth
   811 | D:2      | Noticed Sigmund
   824 | D:2      | Killed Sigmund
   824 | D:2      | Reached skill level 5 in Short Blades
   824 | D:2      | Reached skill level 1 in Shields
   824 | D:2      | Reached XP level 4. HP: 14/29 MP: 4/4
   824 | D:2      | Reached XP level 5. HP: 16/33 MP: 5/5
   824 | D:2      | Reached XP level 6. HP: 19/38 MP: 6/6
  1034 | D:2      | Noticed Terence
  1046 | D:2      | Killed Terence
  1106 | D:2      | Found a sparkling altar of Nemelex Xobeh.
  1106 | D:2      | Found a stormy altar of Qazlal.
  1543 | D:3      | Noticed a sky beast
  1552 | D:3      | Killed a sky beast
  1552 | D:3      | Reached XP level 7. HP: 44/44 MP: 7/7
  1623 | D:3      | Reached skill level 6 in Short Blades
  1864 | D:4      | Reached *** piety under Trog
  1923 | D:4      | Noticed Softman25's ghost (amateur OgBe)
  1937 | D:4      | Killed Softman25's ghost
  1937 | D:4      | Reached skill level 5 in Fighting
  1937 | D:4      | Reached skill level 5 in Dodging
  1937 | D:4      | Reached XP level 8. HP: 49/49 MP: 8/8
  2255 | D:5      | Entered Level 5 of the Dungeon
  2282 | D:5      | Reached skill level 7 in Short Blades
  2363 | D:5      | Noticed Eustachio
  2386 | D:5      | Killed Eustachio
  2890 | D:5      | Found a shadowy altar of Dithmenos.
  2990 | D:5      | Reached skill level 5 in Stealth
  2996 | D:5      | Reached XP level 9. HP: 54/54 MP: 9/9
  3063 | D:5      | Found a runed door.
  3094 | D:5      | Noticed Crazy Yiuf
  3101 | D:5      | Killed Crazy Yiuf
  3181 | D:5      | Found a glowing golden altar of the Shining One.
  3349 | D:6      | Reached skill level 8 in Short Blades
  3579 | D:6      | Found a staircase to the Ecumenical Temple.
  4057 | D:7      | Reached **** piety under Trog
  4290 | D:7      | Found a blossoming altar of Fedhas.
  4293 | D:7      | Found an ancient bone altar of Kikubaaqudgha.
  4625 | D:8      | Noticed a two-headed ogre
  4659 | D:8      | Reached skill level 9 in Short Blades
  4663 | D:8      | Killed a two-headed ogre
  5171 | D:8      | Reached XP level 10. HP: 15/60 MP: 10/10
  5745 | D:8      | Reached skill level 10 in Short Blades
  5977 | D:8      | Found a white marble altar of Elyvilon.
  6347 | D:9      | Found a deep blue altar of Sif Muna.
  6383 | D:9      | Reached ***** piety under Trog
  6388 | D:9      | Found a staircase to the Orcish Mines.
  6585 | D:9      | Found a roughly hewn altar of Beogh.
  6811 | D:9      | Received a gift from Trog
  7194 | D:9      | Found a burning altar of Makhleb.
  7202 | D:9      | Gained mutation: Your natural rate of healing is unusually fast. [potion of mutation]
  7202 | D:9      | Gained mutation: Your skin changes colour to match your surroundings (Stealth+). [potion of mutation]
  7227 | D:9      | Reached XP level 11. HP: 67/67 MP: 11/11
  7283 | D:9      | Reached skill level 11 in Short Blades
  7283 | D:9      | Reached skill level 1 in Evocations
  7286 | D:9      | Reached skill level 10 in Dodging
  7562 | D:10     | Entered Level 10 of the Dungeon
  7599 | D:10     | Reached skill level 5 in Armour
  7601 | D:10     | Received a gift from Trog
  7972 | D:10     | Reached skill level 1 in Crossbows
  8890 | D:11     | Found a staircase to the Lair.
  8902 | D:11     | Noticed a cyclops
  8917 | D:11     | Reached skill level 5 in Shields
  8959 | D:11     | Killed a cyclops
  9176 | D:11     | Noticed a hill giant
  9613 | D:11     | Reached XP level 12. HP: 50/73 MP: 14/14
  9803 | D:11     | Reached skill level 12 in Short Blades
 10030 | D:11     | Received a gift from Trog
 10221 | D:12     | Noticed Rupert
 10247 | D:12     | Killed Rupert
 10247 | D:12     | Reached skill level 5 in Crossbows
 10295 | D:12     | Found Enoczes's Magic Scroll Boutique.
 10350 | D:12     | Received a gift from Trog
 10434 | D:12     | Noticed a deep troll earth mage
 10434 | D:12     | Noticed an ice dragon
 10434 | D:12     | Noticed a crystal guardian
 10451 | D:12     | You fall through a shaft!
 10924 | D:13     | Found a runed door.
 10932 | D:13     | Noticed a centaur warrior
 10932 | D:13     | Noticed a sphinx
 10932 | D:13     | Noticed a centaur warrior
 10932 | D:13     | Noticed a white very ugly thing
 10947 | D:13     | Slain by a slime creature

Skill      XL: |  1  2  3  4  5  6  7  8  9 10 11 12 |
---------------+-------------------------------------+-----
Dodging        | 4 5 6 8 9 10 11 | 11.7
Stealth        | 2 3 4 5 6 7 8 9 |  9.3
Fighting       | 4 5 6 7 8 |  8.6
Short Blades   | 5 6 7 9 10 11 12 | 12.8
Armour         | 2 3 4 5 |  5.8
Shields        | 1 2 3 4 5 |  5.6
Evocations     | 3 4 |  4.6
Crossbows      | 3 6 |  6.1

Action                   |  1- 3 |  4- 6 |  7- 9 | 10-12 || total
-------------------------+-------+-------+-------+-------++-------
Melee: Short sword       |    69 |       |       |   204 ||   273
       Dagger            |    34 |   109 |   321 |   952 ||  1416
       Quick blade       |       |       |       |   164 ||   164
 Fire: Triple crossbow   |       |       |       |     8 ||     8
Invok: Berserk           |     4 |     2 |    10 |    22 ||    38
       Trog's Hand       |       |     1 |       |       ||     1
  Use: Scroll            |       |       |    12 |     8 ||    20
       Potion            |       |       |     3 |    10 ||    13
 Stab: Sleeping          |       |     1 |    13 |    17 ||    31
       Distracted        |       |       |     1 |     1 ||     2
  Eat: Chunk             |    11 |     4 |    20 |    50 ||    85
Armor: Animal skin       |     3 |       |       |       ||     3
       Leather armour    |    12 |       |       |    17 ||    29
       Robe              |       |    10 |    46 |    64 ||   120
       Scale mail        |       |       |       |    34 ||    34
Dodge: Dodged            |    70 |    80 |   242 |   951 ||  1343
Block: Buckler           |    12 |    16 |    91 |    75 ||   194
